 Dungeon Crawl Stone Soup version 0.21.0-37-g46506fa (webtiles) character file.

126 xpss2001 the Ruffian (level 4, -1/35 HPs)
             Began as a Draconian Transmuter on Jan 31, 2018.
             Slain by an orc priest
             ... wielding a +1 flail of protection
              (2 damage)
             ... on level 3 of the Dungeon.
             The game lasted 00:06:58 (2844 turns).

xpss2001 the Ruffian (Draconian Transmuter)         Turns: 2844, Time: 00:06:59

Health: -1/35      AC:  5    Str: 13    XL:     4   Next: 84%
Magic:  6/7        EV: 12    Int: 14    God:
Gold:   103        SH:  0    Dex: 11    Spells: 2/8 levels left

rFire    . . .     SeeInvis .     - Unarmed
rCold    . . .     Gourm    .   (no shield)
rNeg     . . .     Faith    .   (armour unavailable)
rPois    +         Spirit   .   (helmet restricted)
rElec    .         Reflect  .   (no cloak)
rCorr    .         Harm     .   (no gloves)
MR       .....                  (boots currently unavailable)
Stlth    +.........             (no amulet)
HPRegen  0.00/turn              (no ring)
MPRegen  0.10/turn              (no ring)

@: appendage
A: unfitting armour, horns 1, talons 3, poison resistance, inhibited
regeneration, cold-blooded, AC +5
a: End Transformation


You were on level 3 of the Dungeon.
You were hungry.
You had grown temporary talons.
You visited 1 branch of the dungeon, and saw 4 of its levels.

You collected 103 gold pieces.

Inventory:

Missiles
 a - 74 arrows
Wands
 l - a wand of disintegration (7)
Scrolls
 d - 3 scrolls of remove curse {unknown}
 e - 2 scrolls of teleportation {unknown}
 g - 4 scrolls of identify {unknown}
 h - a scroll of blinking {unknown}
 m - a scroll of enchant armour {unknown}
Potions
 f - 2 potions of lignification {unknown}
 i - 2 potions of mutation
 j - a potion of might {unknown}
 k - 2 potions of curing {unknown}
 n - a potion of brilliance {unknown}
Books
 b - a book of Changes

   Spells                             Type                      Level
   a - Beastly Appendage              Transmutation                1
   b - Sticks to Snakes               Transmutation                2
   c - Spider Form                    Transmutation/Poison         3
   d - Ice Form                       Ice/Transmutation            4
   e - Blade Hands                    Transmutation                5
Comestibles
 c - a ration


   Skills:
 - Level 1.1 Fighting
 - Level 1.7 Dodging
 - Level 0.1 Stealth
 * Level 4.9 Unarmed Combat
 + Level 2.5 Spellcasting
 * Level 2.7 Transmutations


You had 2 spell levels left.
You knew the following spells:

 Your Spells              Type           Power        Failure   Level  Hunger
a - Beastly Appendage     Tmut           #.....       7%          1    #......
b - Sticks to Snakes      Tmut           #.......     11%         2    ###....
c - Spider Form           Tmut/Pois      #.........   36%         3    ###....


Dungeon Overview and Level Annotations

Branches:
Dungeon (4/15)
 Temple: D:4-7

Altars:
Makhleb


Innate Abilities, Weirdness & Mutations

Your plain brown scales are hard. (AC +5)
You cannot fit into any form of body armour.
You are cold-blooded and may be slowed by cold attacks.
You have a pair of small horns on your head.
You have claws for feet.
Your system is resistant to poisons. (rPois)
You do not regenerate when monsters are visible.


Message History

The rat bites you.
You punch the rat!
You kill the rat!
You hit the orc priest but do no damage.
Your kick misses the orc priest.
The orc priest hits you with a flail of protection!
* * * LOW HITPOINT WARNING * * *
You barely miss the orc priest. Your headbutt misses the orc priest.
You closely miss the orc priest.
The orc priest hits you with a flail of protection.
* * * LOW HITPOINT WARNING * * *
Casting: Beastly Appendage
Confirm with . or Enter, or press ? or * to list all spells.
You extend your transformation's duration.
The orc priest hits you with a flail of protection.
* * * LOW HITPOINT WARNING * * *
You closely miss the orc priest.
You tail-slap the orc priest, but do no damage.
The orc priest hits you with a flail of protection.
You die...

...>.....+..........r............
.........####...#########.....###
#.......## #.o## #.##..#
##.....######.#### #.###.#
##...####...r...# #.# #.# ##'##
#...o.##.# #.. #.# #.# #...o.##.#
#.# #o# #.# #.....##.# #.. o..
##.## ##...###@# #. ...##
##...####..####o# ....#
#......##...r.)o# ......
###...#.....###### #......
........##### #.....# #########


You could see an orc priest and an orc.

Vanquished Creatures
  A crimson imp (D:2)
  2 adders
  5 worms
  2 dart slugs
  A leopard gecko (D:2)
  3 orcs (D:3)
  3 giant cockroaches (D:3)
  6 hobgoblins
  6 jackals (D:3)
  4 kobolds
  6 bats
  3 frilled lizards
  5 goblins
  8 rats
55 creatures vanquished.

Notes
Turn   | Place    | Note
-------+----------+-------------------------------------------
     0 | D:1      | xpss2001 the Draconian Transmuter began the quest for the Orb.
     0 | D:1      | Reached XP level 1. HP: 16/16 MP: 3/3
   217 | D:1      | You fall through a shaft!
   284 | D:2      | Reached XP level 2. HP: 21/23 MP: 5/5
  1151 | D:2      | Reached XP level 3. HP: 28/28 MP: 4/6
  1163 | D:2      | Reached skill level 4 in Unarmed Combat
  1695 | D:2      | Found a burning altar of Makhleb.
  1718 | D:2      | Reached XP level 4. HP: 33/35 MP: 5/7
  2137 | D:3      | Learned a level 2 spell: Sticks to Snakes
  2141 | D:3      | Learned a level 3 spell: Spider Form
  2620 | D:3      | You fall through a shaft!
  2620 | D:4      | Noticed an ogre
  2831 | D:3      | Gained mutation: Your system is resistant to poisons. (rPois) [potion of mutation]
  2831 | D:3      | Gained mutation: You do not regenerate when monsters are visible. [potion of mutation]
  2831 | D:3      | Gained mutation: You have a pair of small horns on your head. [potion of mutation]
  2843 | D:3      | HP: 1/35 [orc priest/flail of protection (3)]
  2844 | D:3      | Slain by an orc priest

Skill      XL: |  1  2  3 |
---------------+----------+-----
Unarmed Combat | 4 |  4.9
Fighting       | |  1.1
Dodging        | |  1.7
Stealth        | |  0.1
Spellcasting   | |  2.5
Transmutations | |  2.7

Action                   |  1- 3 |  4- 6 || total
-------------------------+-------+-------++-------
Melee: Unarmed           |   132 |    85 ||   217
       Tailslap          |    17 |     9 ||    26
       Headbutt          |    10 |     3 ||    13
       Punch             |     2 |     1 ||     3
       Kick              |     1 |     8 ||     9
 Cast: Beastly Appendage |    10 |    10 ||    20
  Use: Potion            |       |     1 ||     1
 Stab: Sleeping          |       |     1 ||     1
  Eat: Chunk             |     2 |     4 ||     6
Armor: Skin              |    38 |    28 ||    66
Dodge: Dodged            |    75 |    41 ||   116
